 Dungeon Crawl Stone Soup version 0.25-a0-591-g2ad0d86 (webtiles) character file.

Game seed: 6559724219029798858, levelgen mode: deterministic

298 HallandMoats the Skirmisher (level 6, -7/49 HPs)
             Began as a Demonspawn Monk on Mar 15, 2020.
             Was a Follower of Cheibriados.
             Mangled by a gnoll
             ... wielding a +0 halberd
              (13 damage)
             ... on level 4 of the Dungeon.
             The game lasted 00:06:41 (4482 turns).

HallandMoats the Skirmisher (Demonspawn Monk)       Turns: 4482, Time: 00:06:41

Health: -7/49      AC:  5    Str: 16      XL:     6   Next: 13%
Magic:  6/6        EV: 12    Int: 12 (14) God:    Cheibriados [*.....]
Gold:   180        SH:  5    Dex: 18 (19) Spells: 5/5 levels left

rFire    . . .     SeeInvis .     - Unarmed
rCold    . . .     Gourm    .   h - +0 buckler
rNeg     . . .     Faith    .   f - +0 ring mail
rPois    .         Spirit   .   (no helmet)
rElec    .         Reflect  .   (no cloak)
rCorr    .         Harm     .   (no gloves)
MR       .....                  (no boots)
Stlth    +.........             i - amulet of regeneration
HPRegen  0.56/turn              (no ring)
MPRegen  0.10/turn              (no ring)

@: very slow
A: claws 2, demonic guardian 1, powered by death 1
a: Bend Time, Renounce Religion


You were on level 4 of the Dungeon.
You worshipped Cheibriados.
Cheibriados was aware of your devotion.
You were not hungry.

You visited 1 branch of the dungeon, and saw 4 of its levels.

You collected 180 gold pieces.

Inventory:

Hand Weapons
 a - a +0 hand axe
Armour
 f - a +0 ring mail (worn)
 h - a +0 buckler (worn)
 m - a +0 pair of boots
Jewellery
 i - an amulet of regeneration (around neck)
 n - an uncursed ring of fire {unknown}
Scrolls
 b - a scroll of enchant weapon {unknown}
 d - 3 scrolls of remove curse {unknown}
 e - a scroll of teleportation {unknown}
 g - 3 scrolls of amnesia {unknown}
 j - 2 scrolls of enchant armour {unknown}
 k - 6 scrolls of identify {unknown}
 o - a scroll of magic mapping {unknown}
Potions
 l - 2 potions of haste
 p - a potion of magic {unknown}
 q - 2 potions of might {unknown}
 r - a potion of ambrosia {unknown}
 t - a potion of curing {unknown}
Comestibles
 c - 7 rations
 s - 3 chunks of flesh


   Skills:
 * Level 4.4 Fighting
 - Level 2.9 Axes
 + Level 1.6 Armour
 + Level 3.4 Dodging
 - Level 1.7 Stealth
 * Level 2.1 Shields
 * Level 2.3 Unarmed Combat


You had 5 spell levels left.
You didn't know any spells.
Your spell library was empty.

Dungeon Overview and Level Annotations

Branches:
Dungeon (4/15)
 Temple: D:4-7

Altars:
Cheibriados
Makhleb
Sif Muna
Uskayaw
Yredelemnul


Innate Abilities, Weirdness & Mutations

You have very sharp fingernails.
A weak demonic guardian rushes to your aid.
You regenerate a little health from kills.


Message History

You scratch the gnoll.
The gnoll is heavily wounded.
The gnoll barely misses you. The gnoll hits you but does no damage.
You closely miss the gnoll.
The gnoll is heavily wounded.
The gnoll hits you with a +0 halberd.
* * * LOW HITPOINT WARNING * * *
You block the gnoll's attack.
You claw the gnoll!
You kill the gnoll!
Cheibriados appreciates the change of pace.
You feel your strength returning. The gnoll barely misses you.
You block the gnoll's attack.
Things that are here:
a +0 whip; a +0 spear You block the gnoll's attack.
You see here a +0 flail.
The gnoll barely misses you. The gnoll hits you with a +0 halberd!
You die...

#......$ #...%. # #....#
## #...# ##. ##.?.## ##..
##.<...## ##...
##.......#####...#
##.)[.............#
..#####g@.####.........##
#.......### ###.......#
######### ##......#
#......# #......#
#......# ##....## ######


You could see a gnoll.

Vanquished Creatures
  A worker ant (D:4)
  7 adders
  3 gnolls (D:4)
  An ooze (D:1)
  An adder skeleton (D:4)
  3 worms (D:2)
  4 dart slugs
  2 leopard geckos
  7 orcs
  9 bats
  3 giant cockroaches
  7 goblins
  5 hobgoblins (D:1)
  3 quokkas
  8 frilled lizards
  7 kobolds
  3 rats
74 creatures vanquished.

Vanquished Creatures (collateral kills)
  An ogre (D:4)
  An orc wizard (D:3)
  An adder (D:4)
  2 orcs (D:3)
  A rat (D:3)
6 creatures vanquished.

Grand Total: 80 creatures vanquished

Notes
Turn   | Place    | Note
-------+----------+-------------------------------------------
     0 | D:1      | HallandMoats the Demonspawn Monk began the quest for the
                  | Orb.
     0 | D:1      | Reached XP level 1. HP: 18/18 MP: 1/1
    84 | D:1      | Gained mutation: You have sharp fingernails. [demonic
                  | ancestry]
    84 | D:1      | Reached XP level 2. HP: 14/24 MP: 2/2
   806 | D:1      | Gained mutation: You regenerate a little health from kills.
                  | [demonic ancestry]
   806 | D:1      | Reached XP level 3. HP: 26/29 MP: 3/3
  1853 | D:2      | Reached skill level 1 in Unarmed Combat
  1988 | D:2      | Reached skill level 1 in Armour
  2284 | D:2      | Gained mutation: A weak demonic guardian rushes to your
                  | aid. [demonic ancestry]
  2284 | D:2      | Reached XP level 4. HP: 16/37 MP: 4/4
  2717 | D:2      | Reached skill level 1 in Shields
  3176 | D:3      | Reached skill level 4 in Fighting
  3291 | D:3      | Found a burning altar of Makhleb.
  3291 | D:3      | Found a faded altar of an unknown god.
  3297 | D:3      | Found a faded altar of an unknown god.
  3301 | D:3      | Found a basalt altar of Yredelemnul.
  3303 | D:3      | Found a shimmering blue altar of Sif Muna.
  3312 | D:3      | Became a worshipper of Uskayaw the Reveler
  3312 | D:3      | Reached * piety under Uskayaw
  3312 | D:3      | Reached ** piety under Uskayaw
  3321 | D:3      | Fell from the grace of Uskayaw
  3321 | D:3      | Became a worshipper of Cheibriados the Contemplative
  3321 | D:3      | Reached * piety under Cheibriados
  3406 | D:3      | Gained mutation: You have very sharp fingernails. [demonic
                  | ancestry]
  3406 | D:3      | Reached XP level 5. HP: 26/42 MP: 5/5
  4173 | D:4      | Noticed an ogre
  4179 | D:4      | Killed an ogre
  4376 | D:4      | Reached XP level 6. HP: 31/49 MP: 6/6
  4482 | D:4      | Mangled by a gnoll

Levels and vault maps discovered:
D:1:      dpeg_arrival_more_subterranean_lakeside_camping, layout_basic
D:2:      layout_basic, first_ration, serial_glass, glass_columns_a,
          glass_columns_b, glass_columns_b, glass_columns_b, glass_columns_b,
          glass_columns_a, glass_columns_c, glass_columns_c,
          chequers_serial_rivers_micro_e, kennysheep_boxes
D:3:      layout_loops_corners, chequers_temple_overflow_minitemple,
          portal_sewer_entry_d, kennysheep_generic_room_13
D:4:      layout_layer_cave, supply_closet_lemuel, roderic_st_hans_cross

Skill      XL: |  1  2  3  4  5 |
---------------+----------------+-----
Dodging        | 3 |  3.4
Unarmed Combat | 1 2 |  2.3
Armour         | 1 |  1.6
Shields        | 1 2 |  2.1
Fighting       | 4 |  4.4
Axes           | |  2.9
Stealth        | |  1.7

Action                   |  1- 3 |  4- 6 || total
-------------------------+-------+-------++-------
Melee: Hand axe          |    13 |       ||    13
       Unarmed           |   208 |   178 ||   386
  Use: Potion            |       |     2 ||     2
 Stab: Distracted        |       |     1 ||     1
       Sleeping          |       |     1 ||     1
  Eat: Chunk             |     4 |     2 ||     6
       Ration            |       |     1 ||     1
Armor: Ring mail         |   102 |    62 ||   164
Dodge: Dodged            |   186 |   136 ||   322
Block: Buckler           |    38 |    50 ||    88

Table legend:
 A = Non-vault XP
 B = Vault XP
 C = Vault XP percentage of total XP
 D = Non-vault monster count
 E = Vault monster count
 F = Vault count percentage of total count
                 A         B        C        D         E       F
            +---------+---------+-------+---------+---------+-------
      Total |     410 |      17 |   4.0 |      77 |       3 |   3.8
            +---------+---------+-------+---------+---------+-------
        D:1 |      49 |       0 |   0.0 |      25 |       0 |   0.0
        D:2 |      74 |       0 |   0.0 |      22 |       0 |   0.0
        D:3 |     102 |      17 |  14.3 |      19 |       3 |  13.6
        D:4 |     185 |       0 |   0.0 |      11 |       0 |   0.0
            +---------+---------+-------+---------+---------+-------
